 Dungeon Crawl Stone Soup version 0.19.1 (webtiles) character file.

77 smedtjen the Skirmisher (level 4, 0/41 HPs)
             Began as a Hill Orc Abyssal Knight on Dec 15, 2016.
             Was a Follower of Lugonu.
             Slain by an adder (5 damage)
             ... on level 2 of the Dungeon.
             The game lasted 00:03:10 (1425 turns).

smedtjen the Skirmisher (Hill Orc Abyssal Knight)   Turns: 1425, Time: 00:03:10

Health: 0/41       AC:  3    Str: 14    XL:     4   Next: 34%
Magic:  6/6        EV: 11    Int: 12    God:    Lugonu [*.....]
Gold:   85         SH:  0    Dex: 11    Spells: 0 memorised, 3 levels left

rFire  . . .     SeeInvis .     a - +1 hand axe
rCold  . . .     Gourm    .     b - +0 leather armour
rNeg   . . .     Faith    .     (no shield)
rPois  .         Spirit   .     (no helmet)
rElec  .         Reflect  .     (no cloak)
rCorr  .         Harm     .     (no gloves)
MR     .....                    (no boots)
Stlth  +.........               (no amulet)
                                (no ring)
                                (no ring)

@: lethally poisoned (0 -> -2)
A: no striking features
a: Depart the Abyss, Renounce Religion


You were on level 2 of the Dungeon.
You worshipped Lugonu.
Lugonu was aware of your devotion.
You were not hungry.

You visited 1 branch of the dungeon, and saw 2 of its levels.
You visited the Abyss 1 time.

You collected 85 gold pieces.

Inventory:

Hand Weapons
 a - a +1 hand axe (weapon)
Missiles
 i - 4 tomahawks (quivered)
Armour
 b - a +0 leather armour (worn)
Scrolls
 f - a scroll of fear
 h - a scroll of remove curse {unknown}
 j - a scroll of random uselessness {unknown}
 k - a scroll of identify {unknown}
 m - a scroll of amnesia {unknown}
Potions
 e - a potion of berserk rage {unknown}
 g - a potion of ambrosia
 l - a potion of flight {unknown}
 o - a potion of resistance {unknown}
Comestibles
 c - a bread ration
 d - a meat ration


   Skills:
 + Level 4.6 Fighting
 + Level 4.0 Axes
 + Level 2.6 Armour
 + Level 1.0 Dodging
 + Level 3.1 Invocations


You had 3 spell levels left.
You didn't know any spells.

Dungeon Overview and Level Annotations

Branches:
Dungeon (2/15)

Altars:

Annotations:
D:2 Sigmund


Message History

As you read the scroll labeled YVYFIAWAUT, it crumbles to dust.
You assume a fearsome visage.
Sigmund looks frightened!
It was a scroll of fear.
Sigmund gestures wildly while chanting.
Sigmund flickers and vanishes!
Deactivating autopickup; reactivate with Ctrl-A.
Okay, then.
An adder comes into view.
The adder bites you but does no damage. The adder bites you.
* * * LOW HITPOINT WARNING * * *
Found a spear.
You closely miss the adder. The adder closely misses you.
You closely miss the adder. The adder bites you.
* * * LOW HITPOINT WARNING * * *
You are poisoned.
The adder poisons you! The adder barely misses you.
You barely miss the adder.
You feel sick. The adder misses you. The adder barely misses you.
The adder bites you.
You die...

..#.. ...# . .... ..)
.##... .. .# # ....<#.#
#.# ..# #..#.. #.#####
#.# #.. #.#(# #...<.# #.#
##...#...# #####.###.#
........@# ####รท.##.##
##...##S.# #.....(...#
##.....)# #.........#
#..##...# #.........#
#..###...#####..####.####
............##.###......#
..#####..##..........)..#
... #...####.##.......#
...#
###.#......###......#


You could see an adder.

Vanquished Creatures
  2 gnolls (D:1)
  An adder (D:2)
  An ooze (D:1)
  3 leopard geckos (D:1)
  7 giant cockroaches (D:1)
  2 goblins
  3 hobgoblins
  6 kobolds
  A quokka (D:2)
  6 bats (D:1)
  4 frilled lizards
  5 rats (D:1)
41 creatures vanquished.

Notes
Turn   | Place    | Note
-------+----------+-------------------------------------------
     0 | Abyss:1  | smedtjen the Hill Orc Abyssal Knight began the quest for the Orb.
     0 | Abyss:1  | Reached XP level 1. HP: 19/19 MP: 2/2
    54 | Abyss:1  | Noticed a starcursed mass
    56 | Abyss:1  | Noticed a hell hound
    57 | D:1      | Escaped the Abyss
    91 | D:1      | Reached * piety under Lugonu
   110 | D:1      | Reached XP level 2. HP: 26/27 MP: 4/4
   173 | D:1      | Reached XP level 3. HP: 22/33 MP: 5/5
   675 | D:1      | Reached XP level 4. HP: 33/41 MP: 6/6
  1214 | D:2      | Reached skill level 1 in Dodging
  1378 | D:2      | Noticed Sigmund
  1425 | D:2      | Slain by an adder

Skill      XL: |  1  2  3  4 |
---------------+-------------+-----
Fighting       | 4 |  4.6
Axes           | 3 4 |  4.0
Invocations    | 3 |  3.1
Dodging        | 1 |  1.0
Armour         | |  2.6

Action                   |  1- 3 |  4- 6 || total
-------------------------+-------+-------++-------
Melee: Hand axe          |    84 |    65 ||   149
Invok: Depart the Abyss  |     1 |       ||     1
  Use: Scroll            |       |     1 ||     1
       Potion            |       |     1 ||     1
  Eat: Chunk             |       |     2 ||     2
Armor: Leather armour    |    36 |    12 ||    48
Dodge: Dodged            |    70 |    39 ||   109
